 Dungeon Crawl Stone Soup version 0.23.1 (webtiles) character file.

Game seed: 16748448004931239409

196 night the Twirler (level 5, 0/38 HPs)
             Began as a Demonspawn Gladiator on Mar 8, 2019.
             Slain by an iguana (9 damage)
             ... on level 4 of the Dungeon.
             The game lasted 00:07:32 (2850 turns).

night the Twirler (Demonspawn Gladiator)            Turns: 2850, Time: 00:07:33

Health: 0/38       AC:  6    Str: 15    XL:     5   Next: 45%
Magic:  5/5        EV: 12    Int: 10    God:
Gold:   147        SH:  0    Dex: 14    Spells: 4/4 levels left

rFire    + + .     SeeInvis .   a - +0 quarterstaff
rCold    . . .     Gourm    .   (shield currently unavailable)
rNeg     . . .     Faith    .   b - +0 leather armour
rPois    .         Spirit   .   c - +0 helmet
rElec    .         Reflect  .   (no cloak)
rCorr    +         Harm     .   (no gloves)
MR       .....                  (no boots)
Stlth    +.........             (no amulet)
HPRegen  0.12/turn              m - ring of protection from fire
MPRegen  0.09/turn              y - ring of resist corrosion

@: no status effects
A: hooves 1, yellow scales 1, fire resistance 1, flame cloud immunity
a: no special abilities


You were on level 4 of the Dungeon.
You were not hungry.

You visited 1 branch of the dungeon, and saw 4 of its levels.

You collected 207 gold pieces.
You spent 60 gold pieces at shops.

Inventory:

Hand Weapons
 a - a +0 quarterstaff (weapon)
 C - a +0 flail of holy wrath
Missiles
 d - 3 throwing nets (quivered)
 e - 34 poisoned needles
 g - 17 arrows
 h - 139 stones
Armour
 b - a +0 leather armour (worn)
 c - a +0 helmet (worn)
Magical Staves
 q - an uncursed staff of conjuration
Jewellery
 k - an uncursed ring of fire
 m - a ring of protection from fire (left hand)
 y - a ring of resist corrosion (right hand)
Wands
 v - a wand of random effects (19)
Scrolls
 j - 4 scrolls of remove curse {unknown}
 l - a scroll of enchant armour {unknown}
 n - a scroll of amnesia {unknown}
 o - a scroll of noise {unknown}
 p - 3 scrolls of identify {unknown}
 t - a scroll of random uselessness {unknown}
 A - a scroll of magic mapping {unknown}
Potions
 i - a potion of ambrosia {unknown}
 r - 3 potions of haste {unknown}
 u - 2 potions of cancellation {unknown}
 w - 2 potions of degeneration {unknown}
 x - a potion of mutation {unknown}
 z - a potion of curing {unknown}
 B - a potion of might {unknown}
 D - 2 potions of heal wounds
Comestibles
 f - 4 rations
 s - 2 chunks of flesh


   Skills:
 - Level 2.0 Fighting
 + Level 5.7 Staves
 - Level 1.7 Throwing
 - Level 2.6 Dodging


You had 4 spell levels left.
You didn't know any spells.
Your spell library was empty.

Dungeon Overview and Level Annotations

Branches:
Dungeon (4/15)
 Temple: D:4-7

Altars:
Dithmenos
Elyvilon
Qazlal
Sif Muna
Yredelemnul

Shops:
D:4 *

Annotations:
D:3 2 transporters


Innate Abilities, Weirdness & Mutations

You have large cloven feet.
You are partially covered in yellow scales. (AC +2)
Your flesh is heat resistant. (rF+)
You are immune to clouds of flame.


Message History

You barely miss the iguana.
The iguana is lightly wounded.
The iguana barely misses you.
You hit the iguana but do no damage.
The iguana is lightly wounded.
The iguana bites you.
You hit the iguana but do no damage. You kick the iguana.
The iguana is lightly wounded.
The iguana bites you.
You hit the iguana. You kick the iguana.
The iguana is heavily wounded.
The iguana bites you.
* * * LOW HITPOINT WARNING * * *
You hit the iguana. You kick the iguana.
The iguana is severely wounded.
The iguana misses you.
You hit the iguana but do no damage.
The iguana is severely wounded.
The iguana bites you!
You die...

####### $>... ....
############..#
#.<..#...#..l.#####
#....[#...#.@.....#
#.....#...#.......#
#...<.#...#.......#
#.∩..#...###..###.#
########.###..## #
#........#
#........#
#........#
#........#


You could see an iguana.

Vanquished Creatures
  A centaur zombie (D:2)
  6 adders
  3 oozes
  3 worms
  2 dart slugs
  4 leopard geckos
  3 giant cockroaches
  8 hobgoblins
  4 jackals (D:3)
  3 quokkas (D:2)
  A ball python (D:2)
  8 bats
  5 frilled lizards
  11 goblins
  10 kobolds
  11 rats
83 creatures vanquished.

Notes
Turn   | Place    | Note
-------+----------+-------------------------------------------
     0 | D:1      | night the Demonspawn Gladiator began the quest for the Orb.
     0 | D:1      | Reached XP level 1. HP: 16/16 MP: 1/1
    55 | D:1      | Reached skill level 3 in Staves
   107 | D:1      | Gained mutation: Your flesh is heat resistant. (rF+)
                  | [demonic ancestry]
   107 | D:1      | Reached XP level 2. HP: 10/22 MP: 2/2
   585 | D:1      | Gained mutation: You have large cloven feet. [demonic
                  | ancestry]
   585 | D:1      | Reached XP level 3. HP: 22/27 MP: 3/3
   789 | D:1      | Reached skill level 4 in Staves
  1465 | D:2      | Gained mutation: You are partially covered in yellow
                  | scales. (AC +2) [demonic ancestry]
  1465 | D:2      | Reached XP level 4. HP: 30/33 MP: 4/4
  1889 | D:2      | Reached skill level 5 in Staves
  2057 | D:2      | Found a shadowy altar of Dithmenos.
  2067 | D:2      | Found a white marble altar of Elyvilon.
  2074 | D:2      | Found a deep blue altar of Sif Muna.
  2208 | D:3      | Gained mutation: You are immune to clouds of flame.
                  | [demonic ancestry]
  2208 | D:3      | Reached XP level 5. HP: 31/38 MP: 5/5
  2215 | D:3      | Found a transporter.
  2498 | D:3      | Found a stormy altar of Qazlal.
  2535 | D:3      | Found a transporter.
  2609 | D:3      | Found a basalt altar of Yredelemnul.
  2810 | D:4      | Found Sagasiysch's General Store.
  2820 | D:4      | Bought a potion of heal wounds for 60 gold pieces
  2850 | D:4      | Slain by an iguana

Skill      XL: |  1  2  3  4 |
---------------+-------------+-----
Staves         | 3 4 5 |  5.7
Fighting       | |  2.0
Throwing       | |  1.7
Dodging        | |  2.6

Action                   |  1- 3 |  4- 6 || total
-------------------------+-------+-------++-------
Melee: Quarterstaff      |   118 |   115 ||   233
       Kick              |    16 |    31 ||    47
  Eat: Chunk             |     1 |     5 ||     6
Armor: Leather armour    |    46 |    32 ||    78
Dodge: Dodged            |    99 |    85 ||   184
